Map: [ESL] Tropical Sacrifice

Players

DPGherO (herO)

  • Race: Protoss Protoss
  • Spawn Location: 1:00

maru - Winner!

  • Race: Terran Terran
  • League: Diamond
  • Spawn Location: 7:00

Event: TSL 9

VOD

Have the link to the VOD?

Description

Time

  • Played on: Sept. 2, 2022, 7:37 a.m.
  • Length: 8:26

All games in this series

Show
View Real Time Build Order
Export as new Build Order

DPGherO Protoss 

Build Orders: 1 Gate Expand, Blink Stalkers, Zealot Archon 

Get SALT Encoding   

  12  0:00  Probe  
  13  0:12  Probe  
  14  0:17  Pylon  
  14  0:24  Probe  
  15  0:36  Gateway  
  15  0:37  Probe (Chrono Boost)  
  15  0:42  Assimilator  
  16  0:49  Probe (Chrono Boost)  
  17  0:54  Probe (Chrono Boost)  
  18  1:04  Probe  
  20  1:23  Cybernetics Core  
  20  1:24  Zealot  
  21  1:36  Nexus  
  21  1:42  Pylon  
  21  1:46  Probe  
  22  1:51  Assimilator  
  22  1:59  Stalker (Chrono Boost)  
  23  2:02  Probe  
  23  2:06  Warp Gate  
  25  2:15  Probe  
  26  2:22  Stalker  
  28  2:27  Probe  
  29  2:36  Twilight Council  
  29  2:39  Probe (Chrono Boost)  
  30  2:48  Probe (Chrono Boost)  
  32  2:52  Stalker  
  32  2:57  Probe (Chrono Boost)  
  35  2:58  Probe (Chrono Boost)  
  35  3:03  Probe x2 (Chrono Boost)  
  37  3:07  Blink (Chrono Boost)  
  37  3:11  Gateway  
  37  3:19  Probe  
  38  3:23  Probe  
  39  3:29  Robotics Facility  
  39  3:32  Probe  
  40  3:35  Probe  
  41  3:41  Pylon  
  41  3:44  Probe  
  41  3:47  Probe, Assimilator  
  43  3:50  Assimilator  
  43  3:54  Stalker  
  45  3:58  Probe  
  45  3:59  Probe  
  45  4:10  Stalker  
  45  4:11  Probe x2  
  45  4:12  Pylon  
  45  4:16  Shield Battery  
  50  4:17  Observer  
  50  4:19  Stalker  
  50  4:23  Probe  
  53  4:25  Probe  
  53  4:38  Probe x2  
  53  4:40  Warp Prism  
  56  4:50  Templar Archives  
  56  4:52  Probe x2  
  58  4:59  Stalker  
  60  5:00  Stalker  
  60  5:03  Pylon  
  60  5:04  Observer  
  62  5:08  Charge  
  62  5:12  Psionic Storm  
  62  5:17  Gateway  
  62  5:19  Observer, Gateway  
  62  5:33  Observer  
  62  5:35  High Templar  
  62  5:42  High Templar  
  66  5:43  Nexus  
  66  5:54  Gateway  
  66  5:55  Gateway  
  66  6:03  Probe x2  
  65  6:12  Pylon  
  65  6:14  High Templar x2  
  65  6:15  Gateway x2, Probe  
  70  6:29  Immortal (Chrono Boost)  
  70  6:30  Probe, Pylon  
  70  6:32  Forge  
  75  6:37  Probe  
  75  6:38  High Templar  
  78  6:41  Shield Battery  
  78  6:46  Pylon  
  78  6:48  Probe  
  77  6:54  Probe  
  77  7:00  Probe  
  79  7:01  Archon  
  79  7:05  Stalker x3  
  64  7:16  Archon  
  62  7:33  Zealot x2  
  62  7:34  Zealot  
Show
View Real Time Build Order
Export as new Build Order

maru Terran - Winner!

Build Orders:  

Get SALT Encoding   

  12  0:00  SCV  
  13  0:12  SCV  
  14  0:17  Supply Depot  
  14  0:24  SCV  
  15  0:38  SCV  
  15  0:40  Barracks  
  16  0:44  Refinery  
  16  0:51  SCV  
  16  0:53  Refinery  
  17  1:03  SCV  
  18  1:15  SCV  
  19  1:27  Reaper, Orbital Command  
  19  1:29  Supply Depot  
  20  1:42  Factory  
  20  1:52  SCV  
  21  1:59  Barracks Reactor  
  21  2:04  SCV  
  22  2:16  SCV  
  22  2:21  Command Center  
  23  2:28  SCV  
  24  2:33  Starport  
  24  2:36  Widow Mine  
  26  2:41  SCV  
  27  2:46  Supply Depot  
  27  2:49  Marine  
  27  2:50  Marine  
  29  2:54  SCV  
  30  3:06  SCV  
  30  3:08  Widow Mine  
  30  3:09  Medivac  
  35  3:13  Marine x2  
  36  3:21  SCV  
  37  3:29  Factory Tech Lab  
  37  3:30  Barracks  
  37  3:34  SCV  
  38  3:35  Orbital Command  
  38  3:42  Marine x2  
  40  3:49  SCV  
  41  3:56  Factory Tech Lab, Raven  
  41  4:00  Marine x2  
  41  4:01  SCV x2  
  47  4:07  Supply Depot  
  47  4:14  SCV x2  
  47  4:15  Refinery  
  49  4:17  Siege Tank  
  49  4:18  Marine  
  49  4:22  Engineering Bay  
  53  4:26  SCV  
  53  4:28  SCV  
  53  4:30  Supply Depot  
  55  4:38  SCV  
  54  4:40  SCV  
  55  4:47  Barracks  
  55  4:49  Terran Infantry Weapons Level 1, Siege Tank  
  55  4:50  SCV  
  55  4:51  Marine x2  
  61  4:53  Marine  
  61  4:56  SCV  
  61  4:57  Stimpack  
  63  5:05  SCV  
  64  5:08  Supply Depot x2, Starport Reactor  
  64  5:09  SCV, Marine  
  64  5:14  Marine x2  
  67  5:19  SCV  
  69  5:26  SCV  
  70  5:31  SCV  
  70  5:32  Marine x2  
  70  5:34  Refinery  
  71  5:38  Factory Reactor  
  71  5:40  Missile Turret  
  71  5:42  Combat Shield, Marauder x2  
  75  5:45  Supply Depot  
  75  5:48  Medivac  
  75  5:49  Medivac  
  79  5:50  Marine x2  
  81  6:02  SCV x2  
  81  6:04  Marauder x2  
  85  6:07  Marine  
  85  6:10  Supply Depot  
  86  6:13  Marine  
  86  6:14  SCV  
  86  6:17  Supply Depot, Widow Mine  
  90  6:25  Marauder x2  
  94  6:27  Supply Depot  
  94  6:32  SCV, Medivac x2, Marine  
  100  6:33  Supply Depot  
  100  6:37  Marine  
  101  6:40  SCV  
  101  6:46  Marauder  
  101  6:47  Widow Mine x2, Marauder  
  108  6:50  Marine  
  108  6:54  SCV  
  108  6:55  Marine  
  104  7:01  SCV  
  104  7:06  SCV  
  104  7:07  Marine  
  104  7:08  Marauder x2  
  106  7:15  Marine  
  106  7:17  SCV  
  112  7:23  Widow Mine x2  
  112  7:25  Marine  
  112  7:27  Medivac  
  112  7:28  SCV  
  112  7:29  SCV, Marauder x2  
  121  7:31  Medivac  
  121  7:36  Marine  
  122  7:43  Marine  
  121  7:44  Widow Mine  
  121  7:48  SCV  
  121  7:50  Marine x2  
Tags
 
Add a new tag
Caveats
  • Supply blocks, unpowered buildings, or Contaminate may cause inaccurate times.
  • Supply counts are checked every 10 seconds.